 Dungeon Crawl Stone Soup version 0.29.1-1-gd02db6906a (webtiles) character file.

Game seed: 17788861423498873576

21 hawla the Sneak (level 2, 0/11 HPs)
             Began as a Felid Venom Mage on Sept 27, 2022.
             Slain by an adder (2 damage)
             ... on level 2 of the Dungeon.
             The game lasted 00:02:54 (2009 turns).

hawla the Sneak (Felid Venom Mage)                  Turns: 2009, Time: 00:02:54

Health: 0/11       AC:  1    Str:  4    XL:     2   Next: 62%
Magic:  5/6        EV: 17    Int: 16    God:
Gold:   68         SH:  0    Dex: 16    Spells: 4/5 levels left
                                        Lives:  0   Deaths: 0

rFire   . . .      SeeInvis +   (weapon unavailable)
rCold   . . .      Faith    .   (shield unavailable)
rNeg    . . .      Spirit   .   (body armour unavailable)
rPois   .          Reflect  .   (helmet unavailable)
rElec   .          Harm     .   (cloak unavailable)
rCorr   .          Rampage  .   (gloves unavailable)
Will    .....                   (boots unavailable)
Stlth   +++.......              (no amulet)
HPRegen 0.03/turn               (no ring)
MPRegen 0.10/turn               (no ring)

@: lethally poisoned (0 -> -2), flying, very slightly contaminated, hasted, very
quick
A: very small, claws 1, fangs 3, see invisible, speed 1, shaggy fur 1, stealthy
paws, no weapons or thrown items, no armour, multi-lived
a: no special abilities


You were on level 2 of the Dungeon.
You visited 1 branch of the dungeon, and saw 2 of its levels.

You collected 68 gold pieces.

Inventory:

Jewellery
 e - a +4 ring of protection
Scrolls
 c - 2 scrolls of identify {unknown}
 f - a scroll of silence {unknown}


   Skills:
 + Level 2.6 Dodging
 + Level 3.5 Stealth
 + Level 0.6 Unarmed Combat
 + Level 2.1 Spellcasting
 + Level 1.1 Transmutations
 + Level 3.0 Poison Magic


You had 4 spell levels left.
You knew the following spells:

 Your Spells              Type           Power      Damage    Failure   Level
a - Sting                 Tmut/Pois      32%        1d4       9%          1

Your spell library contained the following spells:

 Spells                   Type           Power      Damage    Failure   Level
 Poisonous Vapours        Pois/Air       12%        N/A       17%         2
 Mephitic Cloud           Conj/Pois/Air  4%         N/A       38%         3
 Olgreb's Toxic Radiance  Pois           11%        N/A       50%         4


Dungeon Overview and Level Annotations

Branches:
Dungeon (1/15)

Altars:
Trog

Annotations:
D:2 Sigmund


Innate Abilities, Weirdness & Mutations

You have sharp claws.
You have razor-sharp teeth.
You have supernaturally acute eyesight. (SInv)
You cover ground quickly. (Speed+)
You are covered in fur. (AC +1)
Your paws help you pounce on unaware monsters.
You are incapable of wielding weapons or throwing items.
You cannot wear armour.
You gain extra lives every three experience levels.


Message History

Casting: Sting (safe; 9% risk of failure)
Confirm with . or Enter, or press ? or * to list all spells.
Aiming: Sting (safe; 9% risk of failure)
Press: ? - help, Shift-Dir - straight line, f/p - adder
Aim: an adder (48% to hit)
The sting hits the adder.
The adder is poisoned.
The adder is moderately wounded.
The adder bites you.
Casting: Sting (safe; 9% risk of failure)
Confirm with . or Enter, or press ? or * to list all spells.
Aiming: Sting (safe; 9% risk of failure)
Press: ? - help, Shift-Dir - straight line, f/p - adder
Aim: an adder (heavily wounded, poisoned, 48% to hit)
The sting hits the adder.
The adder looks even sicker.
The adder is heavily wounded.
The adder bites you.
You are lethally poisoned!
The adder poisons you!
It was a potion of haste.
You feel yourself speed up.
You feel sick. The adder barely misses you.
You feel sick.
It was a potion of flight.
You feel very buoyant.
You fly up into the air.
* * * LOW HITPOINT WARNING * * *
You feel sick. The adder misses you.
* * * LOW HITPOINT WARNING * * *
You feel sick. Magic courses through your body.
Casting: Sting (safe; 9% risk of failure)
Confirm with . or Enter, or press ? or * to list all spells.
Aiming: Sting (safe; 9% risk of failure)
Press: ? - help, Shift-Dir - straight line, f/p - adder
Aim: an adder (almost dead, poisoned, 48% to hit)
You miscast Sting.
You are very lightly contaminated with residual magic.
Nothing appears to happen.
* * * LOW HITPOINT WARNING * * *
You feel sick. The adder bites you.
You die...

#####...####.......
#..## ..... ####.###
.... #......# ..#
#.##.#.# #'# # #...#
### #.# ##..# ##.###.#
#..###.#.##S##
#.###..##)###..@.###
#......#.## ##.....#
#####.###.###....#.####
#......#.#........#
#######.##..##.####
####.....# ###
###~~~~### ~~~####
####~~~≈≈~#
≈≈~~~~###~~~~≈≈≈≈~#


You could see an adder (poisoned).

Vanquished Creatures
  3 endoplasms
  2 goblins (D:2)
  2 hobgoblins
  3 quokkas
  2 ball pythons (D:1)
  2 bats (D:2)
  3 frilled lizards
  3 kobolds
20 creatures vanquished.

Notes
Turn   | Place    | Note
-------+----------+-------------------------------------------
     0 | D:1      | hawla the Felid Venom Mage began the quest for the Orb.
     0 | D:1      | Reached XP level 1. HP: 7/7 MP: 4/4
   801 | D:1      | Reached XP level 2. HP: 11/11 MP: 6/6
   986 | D:1      | You fall into a shaft and drop 1 floor!
  1313 | D:2      | Found a bloodstained altar of Trog.
  1954 | D:2      | Noticed Sigmund
  2009 | D:2      | Slain by an adder

Illustrated notes

Levels and vault maps discovered:
D:1:      scummos_arrival_simple_crosswalls, layout_basic, chequers_avenue
D:2:      wander_river, layout_loops_corners, basic_altar,
          palyth_stone_intersect, grunt_ministairs_5, minmay_splitting_lines,
          dk_noncrumbling_3, minmay_tripent, uniq_natasha, uniq_sigmund

Skill      XL: |  1  2 |
---------------+-------+-----
Stealth        | 3 |  3.5
Poison Magic   | 3 |  3.0
Dodging        | |  2.6
Unarmed Combat | |  0.6
Spellcasting   | |  2.1
Transmutations | |  1.1

Action                   || total
-------------------------++-------
Melee: Unarmed           ||    13
 Cast: Sting             ||    30
  Use: Potion            ||     3
 Stab: Sleeping          ||     5
Armor: Skin              ||     4
Dodge: Dodged            ||    17
